Map: 뉴 리퍼그넌시 - 래더

Players

PartinG - Winner!

  • Race: Protoss Protoss
  • Spawn Location: 1:00

SpaceMarine

  • Race: Protoss Protoss
  • Spawn Location: 7:00

Event: IEM Season 13: Katowice (2019)

VOD

Have the link to the VOD?

Description

Time

  • Played on: Feb. 26, 2019, 6:42 a.m.
  • Length: 7:56

All games in this series

Show
View Real Time Build Order
Export as new Build Order

PartinG Protoss - Winner!

Build Orders: Blink Stalkers 

Get SALT Encoding   

  12  0:00  Probe  
  13  0:12  Probe  
  14  0:17  Pylon  
  14  0:24  Probe  
  15  0:32  Probe  
  15  0:37  Gateway  
  15  0:40  Probe  
  16  0:46  Assimilator  
  17  0:50  Probe  
  17  0:54  Assimilator  
  18  0:58  Probe  
  19  1:06  Probe  
  19  1:08  Gateway  
  20  1:17  Probe  
  20  1:24  Cybernetics Core  
  21  1:29  Probe  
  22  1:35  Pylon  
  22  1:41  Probe  
  23  1:54  Probe  
  23  2:00  Warp Gate, Adept x2  
  28  2:13  Pylon  
  28  2:30  Sentry  
  28  2:31  Stalker  
  32  2:37  Twilight Council  
  32  2:51  Blink  
  31  2:54  Nexus  
  31  2:59  Probe  
  32  3:12  Probe  
  29  3:24  Probe  
  28  3:35  Robotics Facility  
  28  3:36  Probe  
  29  3:48  Adept x2, Probe  
  34  3:56  Shield Battery  
  34  4:00  Probe  
  35  4:08  Stalker x2  
  39  4:11  Probe  
  39  4:23  Probe x2  
  40  4:27  Observer  
  41  4:39  Stalker x2  
  41  4:40  Probe x2  
  45  4:51  Observer  
  45  4:52  Probe x2  
  46  4:54  Pylon  
  46  5:02  Stalker, Forge, Probe  
  46  5:06  Probe  
  50  5:10  Probe  
  50  5:12  Stalker  
  53  5:21  Probe  
  53  5:23  Probe  
  53  5:26  Stalker  
  57  5:30  Warp Prism  
  57  5:31  Observer  
  53  5:38  Stalker  
  55  5:48  Probe x2  
  55  5:49  Protoss Ground Weapons Level 1  
  56  5:56  Probe, Stalker  
  58  6:01  Probe  
  60  6:07  Stalker  
  62  6:13  Pylon  
  62  6:15  Pylon  
  62  6:25  Observer  
  62  6:29  Probe  
  61  6:34  Probe  
  61  6:36  Stalker x2  
  62  6:42  Probe  
  62  6:46  Probe  
  64  6:50  Assimilator x2  
  64  6:54  Probe  
  65  6:59  Stalker x2  
  59  7:13  Probe x2  
  61  7:22  Stalker x2  
  67  7:25  Probe x2  
  69  7:35  Gateway x2  
  69  7:38  Gateway  
  69  7:49  Stalker x2  
Show
View Real Time Build Order
Export as new Build Order

SpaceMarine Protoss 

Build Orders: Dark Templar Rush 

Get SALT Encoding   

  12  0:00  Probe  
  13  0:12  Probe  
  14  0:18  Pylon  
  14  0:24  Probe  
  15  0:32  Probe  
  15  0:38  Gateway  
  15  0:40  Probe  
  16  0:46  Assimilator  
  17  0:50  Probe  
  17  0:55  Assimilator  
  18  0:58  Probe  
  19  1:06  Probe  
  20  1:12  Gateway  
  20  1:17  Probe  
  20  1:25  Cybernetics Core  
  21  1:29  Probe  
  22  1:36  Pylon  
  22  1:41  Probe  
  23  1:54  Adept  
  23  2:03  Warp Gate, Sentry  
  27  2:23  Stalker  
  27  2:29  Stalker  
  31  2:40  Nexus  
  30  2:53  Probe  
  30  2:55  Pylon  
  31  2:59  Twilight Council  
  29  3:10  Probe  
  25  3:21  Probe  
  26  3:29  Probe  
  25  3:35  Dark Shrine  
  25  3:37  Probe  
  26  3:48  Probe  
  26  3:52  Forge  
  27  3:56  Probe  
  27  4:00  Probe  
  29  4:06  Adept x2  
  29  4:08  Probe x2  
  34  4:16  Probe  
  35  4:20  Probe  
  37  4:28  Probe  
  36  4:41  Probe x2  
  37  4:50  Protoss Ground Weapons Level 1  
  37  4:52  Dark Templar x2  
  40  4:53  Probe  
  40  4:54  Probe  
  42  5:05  Probe  
  42  5:06  Probe  
  44  5:14  Robotics Facility  
  44  5:17  Probe  
  44  5:18  Probe  
  44  5:29  Probe  
  44  5:30  Probe  
  42  5:41  Probe  
  42  5:42  Probe  
  42  5:48  Immortal  
  42  5:49  Stalker x2  
  44  5:50  Charge  
  44  5:53  Probe  
  44  5:54  Probe  
  44  5:56  Pylon  
  44  5:57  Assimilator  
  48  6:08  Pylon  
  48  6:14  Zealot  
  48  6:15  Zealot  
  48  6:16  Immortal  
  49  6:35  Stalker x2  
  49  6:38  Pylon  
  49  6:45  Probe x2  
  43  6:59  Immortal  
  43  7:00  Stalker  
  45  7:08  Shield Battery x2  
  38  7:26  Probe x2  
  37  7:31  Zealot  
  33  7:51  Zealot  

Tags
 
Add a new tag
Caveats
  • Supply blocks, unpowered buildings, or Contaminate may cause inaccurate times.
  • Supply counts are checked every 10 seconds.